 Dungeon Crawl Stone Soup version 0.31-a0-1529-g7bd419a0e5 (webtiles) character file.

Game seed: 18441986703094763637

388 Curundu the Slasher (level 6, -1/56 HPs)
             Began as a Minotaur Berserker on Jan 1, 2024.
             Was a Believer of Trog.
             Succumbed to a water moccasin's poison
             ... on level 4 of the Dungeon.
             The game lasted 00:09:32 (3765 turns).

Curundu the Slasher (Minotaur Berserker)            Turns: 3765, Time: 00:09:33

Health: -1/56      AC:  5    Str: 23    XL:     6   Next: 49%
Magic:  1/5        EV: 11    Int:  4    God:    Trog [**....]
Gold:   111        SH:  0    Dex: 10    Spells: 5/5 levels left

rFire   . . .        a - +0 falchion
rCold   . . .        (no shield)
rNeg    . . .        u - +0 ring mail
rPois   .            (helmet restricted)
rElec   .            (no cloak)
rCorr   .            (no gloves)
SInv    .            (no boots)
Will    .....        i - amulet of guardian spirit
Stlth   +            (no ring)
HPRegen 0.29/turn    (no ring)
MPRegen 0.09/turn

%: guardian spirit
@: lethally poisoned (-1 -> -19)
A: horns 2, retaliatory headbutt
a: Renounce Religion, Berserk, Trog's Hand


You were on level 4 of the Dungeon.
You worshipped Trog.
Trog was pleased with you.
You visited 1 branch of the dungeon, and saw 4 of its levels.

You collected 111 gold pieces.

Inventory:

Hand Weapons
 a - a +0 falchion (weapon)
Missiles
 q - 2 poisoned darts
Armour
 u - a +0 ring mail (worn)
Jewellery
 i - an amulet of guardian spirit (around neck)
Scrolls
 c - 4 scrolls of identify {unknown}
 f - 2 scrolls of noise {unknown}
 j - a scroll of torment {unknown}
 l - 2 scrolls of vulnerability {unknown}
 m - a scroll of amnesia {unknown}
 n - 3 scrolls of poison {unknown}
 p - a scroll of enchant armour {unknown}
 r - a scroll of revelation {unknown}
 s - 3 scrolls of enchant weapon {unknown}
Potions
 d - 2 potions of enlightenment {unknown}
 e - a potion of curing {unknown}
 g - 2 potions of attraction
 h - a potion of might {unknown}
 k - a potion of cancellation {unknown}
 o - a potion of ambrosia {unknown}
 t - a potion of mutation {unknown}


   Skills:
 + Level 5.4 Fighting
 + Level 6.5 Long Blades
 + Level 3.1 Armour
 + Level 3.6 Dodging
 + Level 1.2 Stealth


You had 5 spell levels left.
You didn't know any spells.
Your spell library was empty.

Dungeon Overview and Level Annotations

Branches:
Dungeon (4/15)
 Temple: D:4-7

Altars:
Makhleb


Innate Abilities, Weirdness & Mutations

You have a pair of horns on your head.
You reflexively headbutt those who attack you in melee.


Message History

You headbutt the black bear, but do no damage.
The black bear is almost dead.
You feel very sick.
The water moccasin bites you but does no damage.
The black bear bites you. The black bear claws you.
The black bear completely misses you. The water moccasin closely misses you.
You slash the black bear!
You kill the black bear!
Trog accepts your kill.
You feel sick.
The water moccasin completely misses you.
Your Armour skill increases to level 3!
You hit the water moccasin but do no damage.
You feel sick. The water moccasin bites you.
* * * LOW HITPOINT WARNING * * *
You hit the water moccasin.
The water moccasin is moderately wounded.
You feel sick. The water moccasin misses you.
The water moccasin bites you but does no damage.
You closely miss the water moccasin.
You headbutt the water moccasin, but do no damage.
You punch the water moccasin.
The water moccasin is moderately wounded.
You feel sick. The water moccasin bites you.
* * * LOW HITPOINT WARNING * * *
You miss the water moccasin.
The water moccasin is moderately wounded.
You feel sick.
The water moccasin completely misses you.
You barely miss the water moccasin.
The water moccasin is moderately wounded.
You feel sick. The water moccasin bites you.
* * * LOW HITPOINT WARNING * * *
The water moccasin bites you.
* * * LOW HITPOINT WARNING * * *
You are lethally poisoned!
The water moccasin poisons you!
You miss the water moccasin.
The water moccasin is moderately wounded.
You die...

##. ### .. ..
#########.#.#####
#...........#...#
#.########.##.#.#
#######.#......#.##...#
...>..................#
######.........#.##...#
#.@.......#.##...#
#.†S......#.##.†.#
#.........#.##...#
..............<.>.#
###.#.####.#.###..#.
#.#... ..#......#.
.........#####.##.
...##..........##.
#....####..##.


You could see a water moccasin.

Vanquished Creatures
  A black bear (D:4)
  A bombardier beetle (D:3)
  2 orc priests (D:3)
  Jessica (D:3)
  An iguana (D:3)
  Terence (D:3)
  4 adders
  A shadow imp (D:3)
  2 dart slugs
  2 ribbon worms
  10 orcs (D:3)
  11 endoplasms
  5 goblins
  4 hobgoblins
  4 quokkas
  5 ball pythons
  6 bats
  3 frilled lizards
  6 kobolds
  3 rats
73 creatures vanquished.

Notes
Turn   | Place    | Note
-------+----------+-------------------------------------------
     0 | D:1      | Curundu the Minotaur Berserker began the quest for the Orb.
     0 | D:1      | Reached XP level 1. HP: 19/19 MP: 0/0
   597 | D:1      | Reached skill level 4 in Long Blades
   751 | D:1      | Reached XP level 2. HP: 21/24 MP: 1/1
  1575 | D:2      | Reached XP level 3. HP: 26/33 MP: 2/2
  1751 | D:2      | Reached ** piety under Trog
  2446 | D:3      | Noticed Jessica
  2472 | D:3      | Killed Jessica
  2473 | D:3      | Reached XP level 4. HP: 21/41 MP: 1/3
  2490 | D:3      | Noticed Terence
  2498 | D:3      | Killed Terence
  2499 | D:3      | Reached skill level 5 in Long Blades
  2715 | D:3      | Reached skill level 1 in Stealth
  2715 | D:3      | Reached XP level 5. HP: 36/47 MP: 2/4
  2871 | D:3      | Found a burning altar of Makhleb.
  3128 | D:3      | Reached skill level 5 in Fighting
  3430 | D:3      | Reached skill level 6 in Long Blades
  3557 | D:3      | Reached XP level 6. HP: 30/56 MP: 3/5
  3750 | D:4      | Noticed a water moccasin
  3764 | D:4      | HP: 2/56 [water moccasin (4)]
  3765 | D:4      | Succumbed to a water moccasin's poison

Illustrated notes

Levels and vault maps discovered:
D:1:      dpeg_arrival_arbitrary_c, layout_basic, serial_co_window_serial,
          co_window_paths_a, co_window_paths_a, co_window_of_opportunity_a,
          co_window_paths_a, co_window_paths_b, co_window_paths_a,
          co_window_corner_cb, co_window_unsneaky_path_a,
          co_window_unsneaky_path_c, co_window_paths_e, glass_columns_a,
          glass_columns_b, glass_columns_c, glass_columns_c
D:2:      layout_loops_cross, serial_forest, infiniplex_forest_pool,
          infiniplex_forest_zigzag_1, infiniplex_forest_lined_room_,
          infiniplex_forest_diagonal, infiniplex_forest_end_2,
          infiniplex_forest_end_double, infiniplex_forest_lined_3,
          infiniplex_forest_lined_3
D:3:      layout_rooms, bloody_makhleb, ebering_dispersal_statue_hall,
          minmay_misc_feat_tiny, uniq_jessica, uniq_terence
D:4:      layout_basic, minmay_temple_entry_stoned_glass,
          kennysheep_generic_room_6, uniq_duvessa

Skill      XL: |  1  2  3  4  5  6 |
---------------+-------------------+-----
Long Blades    | 4 5 6 |  6.5
Fighting       | 4 5 |  5.4
Dodging        | 3 |  3.6
Stealth        | 1 |  1.2
Armour         | 3 |  3.1

Action                     |  1- 3 |  4- 6 || total
---------------------------+-------+-------++-------
  Melee: Falchion          |   107 |   117 ||   224
         Headbutt          |    11 |    28 ||    39
         Punch             |       |     1 ||     1
    Use: Potion            |     1 |     1 ||     2
 Armour: Animal skin       |    62 |    22 ||    84
         Ring mail         |       |    44 ||    44
  Dodge: Dodged            |    77 |    76 ||   153

Table legend: (Time is in decaauts)
 A = Elapsed time spent in this place.
 B = Non-inter-level travel time spent in this place.
 C = Inter-level travel time spent in this place.
 D = Time resting spent in this place.
 E = Time spent auto-exploring this place.
 F = Levels seen in this place.
 G = Mean time per level.
                   A        B        C        D        E       F      G
               +--------+--------+--------+--------+--------+-----+--------+
         Total |   3781 |   3781 |      0 |      7 |   2797 |   4 |  945.2 |
       Dungeon |   3781 |   3781 |      0 |      7 |   2797 |   4 |  945.2 |
               +--------+--------+--------+--------+--------+-----+--------+

Top non-repeatable levels by time:
     D:1: 1372 daAuts
     D:3: 1254 daAuts
     D:2: 1080 daAuts
     D:4: 74 daAuts
